 Dungeon Crawl Stone Soup version 0.31.0-12-g77e489cdc1 (webtiles) character file.

Game seed: 9467768496222244075

37 Gadfly the Trooper (level 3, -3/29 HPs)
             Began as a Demonspawn Monk on Feb 23, 2024.
             Slain by a gnoll
             ... wielding a +0 flail
              (10 damage)
             ... on level 2 of the Dungeon.
             The game lasted 00:01:00 (608 turns).

Gadfly the Trooper (Demonspawn Monk)                 Turns: 608, Time: 00:01:00

Health: -3/29      AC:  2    Str: 13    XL:     3   Next: 21%
Magic:  3/3        EV: 13    Int: 10    God:
Gold:   82         SH:  0    Dex: 15    Spells: 2/2 levels left

rFire   . .          .
                       - Unarmed
rCold   . . .        c - orb {light}
rNeg    . . .        a - +0 robe
rPois   .            (no helmet)
rElec   .            (no cloak)
rCorr   .            (no gloves)
SInv    .            (no boots)
Will    .....        (no amulet)
Stlth   +            (no ring)
HPRegen 0.24/turn    (no ring)
MPRegen 0.16/turn

%: no passive effects
@: about to teleport, glowing
A: powered by death 1, magic regeneration
a: no special abilities


You were on level 2 of the Dungeon.
You visited 1 branch of the dungeon, and saw 2 of its levels.

You collected 82 gold pieces.

Inventory:

Armour
 a - a +0 robe (worn)
 c - an orb of light (worn)
Scrolls
 h - a scroll of enchant weapon
Potions
 b - a potion of ambrosia
 g - a potion of curing {unknown}
 i - a potion of magic {unknown}


   Skills:
 - Level 3.0 Fighting
 + Level 2.9 Dodging
 + Level 3.0 Unarmed Combat
 * Level 1.4 Evocations
 * Level 1.2 Shapeshifting


You had 2 spell levels left.
You didn't know any spells.
Your spell library was empty.

Dungeon Overview and Level Annotations

Branches:
Dungeon (2/15)

Altars:


Innate Abilities, Weirdness & Mutations

You regenerate a little health from kills.
You regenerate magic rapidly.


Message History

You hit the gnoll.
The gnoll is severely wounded.
You hit the gnoll but do no damage.
The gnoll is severely wounded.
The gnoll hits you with a +0 club! The gnoll closely misses you.
You hit the gnoll.
You kill the gnoll!
The gnoll closely misses you.
Your Unarmed Combat skill increases to level 3!
You have reached level 3!
Your experience leads to an increase in your attributes!
Increase (S)trength, (I)ntelligence, or (D)exterity?
You feel stronger. x2; Your demonic ancestry asserts itself...
Your magic begins to regenerate rapidly.
You hit the gnoll.
The gnoll is moderately wounded.
The gnoll barely misses you.
You barely miss the gnoll.
The gnoll is moderately wounded.
The gnoll hits you with a +0 flail!
You are too injured to fight recklessly!
You are too injured to fight recklessly!
You hit the gnoll.
The gnoll is severely wounded.
The gnoll misses you.
You hit the gnoll.
The gnoll is severely wounded.
The gnoll closely misses you.
You hit the gnoll but do no damage.
The gnoll is severely wounded.
The gnoll hits you with a +0 flail. The gnoll barely misses you.
The gnoll attacks as it pursues you! The gnoll completely misses you.
The gnoll barely misses you. The gnoll attacks as it pursues you!
The gnoll hits you with a +0 whip.
* * * LOW HITPOINT WARNING * * *
The gnoll attacks as it pursues you! The gnoll misses you.
As you read the scroll of teleportation, it crumbles to dust.
You feel strangely unstable. The gnoll hits you with a +0 flail!
You die...

#######.<.. #.......###
#.#####.# ######### #.#
#.# #.......# #.# #.#
#.......# #.#####.###
#.......# #.##.......
###.......# #.##.##.###
#.....@...# #.##.##.#
#....gg...# #.##.##.#
###....g#######'##.##.###
#>'.....+................
###.....######.....######
#.....# #..........
#.....### #..........
#.......# #..........+
#######.# ##....#.....#


You could see 3 gnolls.

Vanquished Creatures
  A gnoll (D:2)
  A dart slug (D:1)
  2 bats (D:1)
  An endoplasm (D:1)
  3 giant cockroaches (D:1)
  2 goblins (D:1)
  A hobgoblin (D:1)
  4 kobolds (D:1)
  2 quokkas (D:1)
  3 ball pythons (D:1)
  3 frilled lizards (D:1)
  A rat (D:1)
24 creatures vanquished.

Notes
Turn   | Place    | Note
-------+----------+-------------------------------------------
     0 | D:1      | Gadfly the Demonspawn Monk began the quest for the Orb.
     0 | D:1      | Reached XP level 1. HP: 18/18 MP: 1/1
   128 | D:1      | Gained mutation: You regenerate a little health from kills.
                  | [demonic ancestry]
   128 | D:1      | Reached XP level 2. HP: 14/24 MP: 2/2
   208 | D:1      | Reached skill level 1 in Evocations
   346 | D:1      | Found a faded altar of an unknown god.
   358 | D:1      | Reached skill level 1 in Shapeshifting
   591 | D:2      | Gained mutation: You regenerate magic rapidly. [demonic
                  | ancestry]
   591 | D:2      | Reached XP level 3. HP: 21/29 MP: 3/3
   608 | D:2      | Slain by a gnoll

Illustrated notes

Levels and vault maps discovered:
D:1:      mrwooster_arrival_arrow, layout_rooms, basic_ecumenical_altar,
          chequers_arboretum
D:2:      layout_basic, basic_altar, serial_shops, nicolae_shop_mannequins,
          dreamdust_wishing_well

Skill      XL: |  1  2 |
---------------+-------+-----
Evocations     | 1 |  1.4
Shapeshifting  | 1 |  1.2
Unarmed Combat | 3 |  3.0
Fighting       | |  3.0
Dodging        | |  2.9

Action                     || total
---------------------------++-------
  Melee: Unarmed           ||    76
    Use: Scroll            ||     6
 Armour: Robe              ||    39
  Dodge: Dodged            ||    59
